 Dungeon Crawl Stone Soup version 0.29.1-2-gbd0b4ee654 (webtiles) character file.

Game seed: 14841113311202528857

282 DemonSlayer the Firebug (level 6, 0/63 HPs)
             Began as a Demonspawn Fire Elementalist on Nov 17, 2022.
             Succumbed to a kobold's poison
             ... in a sewer.
             The game lasted 00:08:49 (5270 turns).

DemonSlayer the Firebug (DsFE)                      Turns: 5270, Time: 00:08:50

Health: 0/63       AC: 23    Str: 10    XL:     6   Next: 6%
Magic:  6/20       EV:  2    Int: 16    God:
Gold:   204        SH:  8    Dex: 17    Spells: 6/12 levels left

rFire   . . .      SeeInvis .   o - +3 hand axe "Zealon" {flame, Dex+3}
rCold   . . .      Faith    .   e - +0 kite shield
rNeg    . . .      Spirit   .   (body armour currently unavailable)
rPois   +          Reflect  .   (helmet currently unavailable)
rElec   .          Harm     .   (cloak currently unavailable)
rCorr   .          Rampage  .   (gloves currently unavailable)
Will    .....      NoTele   +   (boots currently unavailable)
Stlth   ++........              (no amulet)
HPRegen 0.20/turn               n - ring of magical power
MPRegen 0.17/turn               (no ring)

@: mighty, brilliant, lethally poisoned (0 -> -1), tree-form, on berserk
cooldown, very slightly contaminated, slowed, very slow
A: stationary, stasis, torment immunity, boosted hp, (spiny 1), (sanguine armour
2), (demonic touch 1)
a: no special abilities


You were in a sewer.
You were a tree.
You visited 1 branch of the dungeon, and saw 4 of its levels.
You also visited: Sewer.

You collected 204 gold pieces.

Inventory:

Hand Weapons
 o - the +3 hand axe "Zealon" (weapon) {flame, Dex+3}
   (You found it on level 3 of the Dungeon)

   It burns those it strikes, dealing additional fire damage.
   Big, fiery blades are also staple armaments of hydra-hunters.
   Dex:       It affects your dexterity (+3).
Missiles
 d - 5 poisoned darts
Armour
 e - a +0 kite shield (worn)
 p - a +0 leather armour of cold resistance (melded)
Jewellery
 n - a ring of magical power (left branch)
Scrolls
 a - 2 scrolls of enchant weapon {unknown}
 b - 3 scrolls of teleportation {unknown}
 h - 3 scrolls of identify {unknown}
 l - a scroll of silence {unknown}
 m - a scroll of torment {unknown}
Potions
 i - a potion of might


   Skills:
 + Level 0.6 Fighting
 + Level 0.1 Axes
 + Level 0.2 Maces & Flails
 + Level 1.2 Armour
 + Level 2.1 Dodging
 + Level 2.0 Stealth
 + Level 0.9 Shields
 + Level 3.5 Spellcasting
 + Level 2.7 Conjurations
 + Level 3.8 Fire Magic


You had 6 spell levels left.
You knew the following spells:

 Your Spells              Type           Power      Damage    Failure   Level
a - Foxfire               Conj/Fire      80%        2x1d8     16%         1
b - Scorch                Fire           44%        2d7       19%         2
c - Mephitic Cloud        Conj/Pois/Air  8%         N/A       77%         3

Your spell library contained the following spells:

 Spells                   Type           Power      Damage    Failure   Level
 Conjure Flame            Conj/Fire      20%        6-21      43%         3
 Inner Flame              Hex/Fire       13%        N/A       63%         3
 Ignite Poison            Fire/Tmut/Pois 10%        N/A       73%         3
 Flame Wave               Conj/Fire      20%        2d7       83%         4
 Freezing Cloud           Conj/Ice/Air   4%         6-21      100%        5


Dungeon Overview and Level Annotations

Branches:
Dungeon (4/15)              Sewer (1/1)
 Temple: D:4-7

Altars:
Makhleb
Vehumet

Annotations:
D:3 exclusion: statue


Innate Abilities, Weirdness & Mutations

You are a tree.
Your roots penetrate the ground, keeping you stationary.
You cannot be teleported.
You are immune to unholy pain and torment.
Your maximum health is greatly increased.
Your equipment is partially melded.
((You are partially covered in sharp spines.))
((When seriously injured, your blood forms thick armour. (AC +0)))
((Your touch may inflict minor irresistible damage on your foes.))


Message History

It was a potion of might.
You feel very mighty all of a sudden.
* * * LOW HITPOINT WARNING * * *
You feel very sick.
Your foxfire dissipates!
There is a lethal amount of poison in your body!
There is a lethal amount of poison in your body!
There is a lethal amount of poison in your body!
It was a potion of berserk rage.
A red film seems to cover your vision as you go berserk!
You feel yourself moving faster!
You feel mighty!
* * * LOW HITPOINT WARNING * * *
You feel very sick.
You feel a strong urge to attack something.
You feel sick.
You feel sick.
You enter the shallow water.
Moving in this stuff is going to be slow.
You feel your anger nearly subside.
* * * LOW HITPOINT WARNING * * *
You feel sick.
You are no longer berserk.
You are exhausted.
You feel yourself slow down.
* * * LOW HITPOINT WARNING * * *
You feel sick.
It was a potion of brilliance.
You feel clever all of a sudden.
* * * LOW HITPOINT WARNING * * *
You feel sick.
It was a potion of lignification.
You turn into a tree.
Your +0 leather armour of cold resistance melds into your body.
You feel less resistant to cold.
Your roots penetrate the ground.
Your blood armour dries and flakes away.
* * * LOW HITPOINT WARNING * * *
You feel sick.
As you read the scroll labelled BINKOF XITHOXT, it crumbles to dust.
The air around you briefly surges with heat, but it dissipates.
It was a scroll of immolation.
You die...

##### ##### #∩..## ####
##...######..## ## ##
###..###......#####..#
#..#..#..........†.†..##....
#.....#.....................
#....))....................
#.....#...~♣..~.............
#.K#. #≈≈≈~~~≈~~~.~.........
# # #≈≈≈≈≈≈≈≈≈~~..~~.....~
#≈≈≈≈≈≈≈≈≈≈~~~~.~~~~~~
#≈≈≈≈≈≈≈≈≈≈≈≈≈≈≈~~≈~~~~
#≈#≈≈≈≈≈≈≈≈≈≈≈~~≈~~~~≈~≈
#≈#≈≈≈≈≈≈≈≈≈~~~≈ ~.~.
≈#≈#≈≈≈≈≈~≈....~


There were no monsters in sight!

Vanquished Creatures
  A kobold brigand (Sewer)
  Natasha (D:4)
  Robin (D:3)
  3 adders
  4 river rats (Sewer)
  4 worms
  4 dart slugs
  3 orcs (D:3)
  4 ball pythons
  6 endoplasms
  6 giant cockroaches
  14 goblins
  5 hobgoblins
  6 jackals (D:1)
  4 quokkas
  4 bats
  3 frilled lizards
  13 kobolds
  8 rats
94 creatures vanquished.

Vanquished Creatures (others)
  329 foxfires
  2 plants (D:1)
331 creatures vanquished.

Grand Total: 425 creatures vanquished

Notes
Turn   | Place    | Note
-------+----------+-------------------------------------------
     0 | D:1      | DemonSlayer the Demonspawn Fire Elementalist began the
                  | quest for the Orb.
     0 | D:1      | Reached XP level 1. HP: 13/13 MP: 3/3
   214 | D:1      | Found a faded altar of an unknown god.
   301 | D:1      | Gained mutation: When seriously injured, your blood forms
                  | armour. (AC +0) [demonic ancestry]
   301 | D:1      | Reached XP level 2. HP: 19/19 MP: 0/5
   304 | D:1      | Learned a level 2 spell: Scorch
  1266 | D:2      | Gained mutation: When seriously injured, your blood forms
                  | thick armour. (AC +0) [demonic ancestry]
  1266 | D:2      | Reached XP level 3. HP: 24/24 MP: 2/6
  2116 | D:2      | Reached XP level 4. HP: 19/31 MP: 4/7
  2120 | D:2      | Learned a level 3 spell: Mephitic Cloud
  2443 | D:3      | Noticed Robin
  2915 | D:3      | Found a radiant altar of Vehumet.
  2915 | D:3      | Noticed a frost-covered statue
  3171 | D:3      | Identified the +3 hand axe "Zealon" {flame, Dex+3}
  3572 | D:3      | Reached skill level 1 in Armour
  3597 | D:3      | Killed Robin
  3749 | D:3      | Found a burning altar of Makhleb.
  4611 | D:4      | Found a glowing drain.
  4615 | D:4      | Gained mutation: Your touch may inflict minor irresistible
                  | damage on your foes. [demonic ancestry]
  4615 | D:4      | Reached XP level 5. HP: 36/36 MP: 9/9
  4623 | D:4      | Noticed Natasha
  4628 | D:4      | Killed Natasha
  4806 | Sewer    | Entered a sewer
  5262 | Sewer    | Gained mutation: You are partially covered in sharp spines.
                  | [demonic ancestry]
  5262 | Sewer    | Reached XP level 6. HP: 12/42 MP: 5/11
  5268 | Sewer    | HP: 2/42 [poisoned by a kobold]
  5270 | Sewer    | Succumbed to a kobold's poison

Illustrated notes

Levels and vault maps discovered:
D:1:      mushboom_english_gardens, layout_basic, ebering_ecumenical_altar_hall,
          serial_bayou_pond_c
D:2:      layout_rooms, minmay_tripent
D:3:      layout_loops_corners, mainiacjoe_overflow_24_doors, vehumet_statue,
          uniq_robin
D:4:      corexii_shack_village, layout_cave_pools,
          cheibrodos_sewer_entry_drain, serial_shops, shop, uniq_pikel,
          uniq_natasha
Sewer:    sewer_minmay_treatment

Skill      XL: |  1  2  3  4  5 |
---------------+----------------+-----
Fire Magic     | 3 |  3.8
Conjurations   | 2 |  2.7
Dodging        | 2 |  2.1
Armour         | 1 |  1.2
Spellcasting   | 3 |  3.5
Stealth        | 2 |  2.0
Fighting       | |  0.6
Axes           | |  0.1
Maces & Flails | |  0.2
Shields        | |  0.9

Action                   |  1- 3 |  4- 6 || total
-------------------------+-------+-------++-------
Melee: Short sword       |    53 |       ||    53
       Unarmed           |     2 |       ||     2
       Hand axe          |       |    51 ||    51
       Whip              |       |    23 ||    23
 Cast: Foxfire           |    89 |   106 ||   195
  Use: Potion            |     1 |     8 ||     9
       Scroll            |       |     1 ||     1
 Stab: Sleeping          |       |     2 ||     2
Armor: Robe              |    15 |       ||    15
       Leather armour    |    14 |    41 ||    55
Dodge: Dodged            |    42 |    60 ||   102
Block: Kite shield       |    40 |    57 ||    97
